 Dungeon Crawl Stone Soup version 0.32-a0-886-g41c5271027 (webtiles) character file.

Game seed: 3342526649373516120

2113 Monkooky the Grasshopper (level 9, -5/93 (112) HPs)
             Began as an Armataur Warper on Apr 2, 2024.
             Was a Follower of the Shining One.
             Slain by a wight
             ... wielding a +2 falchion
              (7 damage)
             ... on level 5 of the Dungeon.
             The game lasted 00:24:54 (6303 turns).

Monkooky the Grasshopper (Armataur Warper)          Turns: 6303, Time: 00:24:54

HP:   -5/93 (112)   AC: 16    Str: 15    XL:     9   Next: 8%
MP:   11/12         EV:  1    Int: 17    God:    the Shining One [*.....]
Gold: 282           SH:  4    Dex: 20    Spells: 3/12 levels left

rFire   . . .        k - +0 flail
rCold   . . .        u - +0 buckler
rNeg    . . .        b - melded +0 leather armour
rPois   +            (helmet currently unavailable)
rElec   .            n - melded +2 ratskin cloak {*Rats rPois rN+ Str-1 Int-1 Dex+1}
rCorr   .            z - melded +0 pair of gloves {hurl}
SInv    .            (no barding)
Will    .....        (no amulet)
Stlth   +            A - +6 ring of dexterity
HPRegen 0.35/turn    (no ring)
MPRegen 0.13/turn

%: roll
@: tree-form, corroded, glowing, heavily drained, invisible (but backlit and
visible)
A: stationary, stasis, torment immunity, boosted hp, large, (deformed body),
(tough skin 3), (armoured tail), rollpage 2, (iridescent scales 1), agile 1
a: Renounce Religion, Divine Shield


You were on level 5 of the Dungeon.
You worshipped the Shining One.
The Shining One was aware of your devotion.
You were a tree.
You visited 1 branch of the dungeon, and saw 7 of its levels.
You also visited: Sewer.

You collected 282 gold pieces.

Inventory:

Hand Weapons
 a - a +0 mace
 k - a +0 flail (weapon)
Missiles
 d - 4 darts of dispersal
 t - 17 poisoned darts
Armour
 b - a +0 leather armour (melded)
 f - a +0 pair of gloves
 n - the +2 ratskin cloak (melded) {*Rats rPois rN+ Str-1 Int-1 Dex+1}
   (You found it on level 2 of the Dungeon)

   *Rats:     When the wearer is hurt, rats may emerge from it to assist them.
   Str-1:     It affects your strength (-1).
   Int-1:     It affects your intelligence (-1).
   Dex+1:     It affects your dexterity (+1).
   rPois:     It protects you from poison.
   rN+:       It protects you from negative energy.
 u - a +0 buckler (worn)
 z - a +0 pair of gloves of hurling (melded)
Jewellery
 h - a ring of fire
 A - a +6 ring of dexterity (left branch)
Wands
 C - a wand of mindburst (5)
Scrolls
 c - 3 scrolls of blinking
 g - 2 scrolls of noise
 j - a scroll of amnesia
 l - a scroll of immolation
 o - a scroll of teleportation
 p - a scroll of revelation
 q - 2 scrolls of vulnerability {unknown}
 y - a scroll of fear
Potions
 e - 2 potions of mutation
 i - a potion of magic
 m - a potion of lignification
 r - 2 potions of brilliance
 w - a potion of invisibility
 x - 2 potions of experience {unknown}
 B - a potion of ambrosia {unknown}


   Skills:
 - Level 5.9 Fighting
 + Level 2.8(4.8) Axes
 - Level 6.5(6.9) Maces & Flails
 - Level 0.8 Throwing
 - Level 1.2 Armour
 - Level 1.3 Dodging
 - Level 2.2 Spellcasting
 - Level 6.9 Translocations


You had 3 spell levels left.
You knew the following spells:

 Your Spells              Type           Power      Damage    Failure   Level
a - Blink                 Tloc           50%        N/A       2%          2
b - Maxwell's Portable P  Tloc           25%        2d(7-21)  4%          3
c - Vhi's Electric Charg  Tloc/Air       26%        N/A       52%         4

Your spell library contained the following spells:

 Spells                   Type           Power      Damage    Failure   Level
 Lesser Beckoning         Tloc           50%        N/A       2%          2
 Teleport Other           Tloc           25%        N/A       4%          3
 Call Imp                 Summ           2%         N/A       36%         2
 Sublimation of Blood     Necr           1%         N/A       36%         2
 Haunt                    Necr/Summ      0%         N/A       100%        7
 Malign Gateway           Summ/Tloc      6%         N/A       100%        7
 Summon Hydra             Summ           0%         N/A       100%        7
 Borgnjor's Revivificati  Necr           0%         N/A       100%        8
 Summon Horrible Things   Summ           0%         N/A       100%        8
 Death's Door             Necr           0%         N/A       100%        9


Dungeon Overview and Level Annotations

Branches:
Dungeon (7/15)              Sewer (visited)
 Temple: D:4-7

Altars:
Makhleb
The Shining One

Shops:
D:1 (:

Annotations:
D:3 Robin
D:5 3 runed translucent doors, BleachOnTheBeach's ghost, novice MDFi
D:6 Dowan; Duvessa


Innate Abilities, Weirdness & Mutations

You are a tree.
Your roots penetrate the ground, keeping you stationary.
You cannot be teleported.
You are immune to unholy pain and torment.
Your maximum health is greatly increased.
Your equipment is partially melded.
((Armour fits poorly on your strangely shaped body.))
((You have extremely tough skin. (AC +3)))
((You have a long armoured tail.))
You regenerate magic and health when rolling toward enemies. (Rampage Regen)
((You are partially covered in iridescent scales. (AC +2)))
You are agile. (Dex +4, Str/Int -1)


Message History

* * * LOW HITPOINT WARNING * * *
You block the jelly's attack. The wight hits you but does no damage.
Unknown command.
You thump the jelly!
You kill the jelly!
The wight hits you but does no damage. The wight completely misses you.
Unknown command.
You hit the wight.
The wight is lightly damaged.
The wight hits you but does no damage. x2
Unknown command.
You hit the wight.
The wight is moderately damaged.
You block the wight's attack. The wight hits you but does no damage.
Your magical contamination has completely faded away.
You barely miss the wight.
The wight is moderately damaged.
The wight hits you but does no damage. The wight hits you with a +0 scimitar.
* * * LOW HITPOINT WARNING * * *
You feel drained.
* * * LOW HITPOINT WARNING * * *
You completely miss the wight.
The wight is moderately damaged.
The wight hits you but does no damage. x2
You barely miss the wight.
The wight is moderately damaged.
The wight hits you but does no damage. The wight hits you with a +0 scimitar.
* * * LOW HITPOINT WARNING * * *
The wight hits you with a +2 falchion! The Shining One protects you from harm!
Unknown command.
It was a potion of invisibility.
You become transparent, but the glow from your halo prevents you from becoming completely invisible.
The wight hits you with a +0 scimitar.
* * * LOW HITPOINT WARNING * * *
The wight hits you but does no damage.
You hit the wight but do no damage.
The wight is moderately damaged.
The wight hits you but does no damage. The wight hits you with a +2 falchion!
You die...

#......# #..##.##~~##
#.####.###..##.#~~~~#
#.# #......##.#~~~~#
#.# ######'##.##~~##
#.# ##...#..#~~#.
#.#######.......+##'.
##.#.##.#.......#....#
##....##[.........#..#.
#...##♣.##........+....
#...##zz##........####.
#.....##..<......## ##
#...#.##.##.....#######
#...).######...###.....
####.## ##'## #.##..
#.# #.# #.##.# #.#
##.####.##.# #.#
#...........


You could see 2 wights.

Vanquished Creatures
  Grinder (Sewer)
  Prince Ribbit (D:5)
  Sigmund (D:2)
  A steam dragon (D:6)
  Eustachio (D:5)
  An ogre (D:5)
  2 kobold brigands (Sewer)
  Blork the orc (D:5)
  A scorpion (D:4)
  5 jellies
  2 wights
  A bombardier beetle (D:4)
  An orc priest (D:5)
  3 hounds
  A sleepcap (D:6)
  3 orc wizards
  5 iguanas
  6 adders
  2 gnolls (D:6)
  3 shadow imps
  6 ufetubi
  2 dart slugs
  3 ribbon worms
  17 orcs
  5 bats
  7 endoplasms
  7 giant cockroaches
  7 goblins
  7 hobgoblins
  3 jackals (D:4)
  5 quokkas
  8 ball pythons
  3 frilled lizards
  8 kobolds
  5 rats
135 creatures vanquished.

Vanquished Creatures (collateral kills)
  A quasit (Sewer)
  2 kobolds (Sewer)
3 creatures vanquished.

Vanquished Creatures (others)
  2 endoplasms (Sewer)
  A kobold zombie (Sewer)
3 creatures vanquished.

Grand Total: 141 creatures vanquished

Notes
Turn   | Place    | Note
-------+----------+-------------------------------------------
     0 | D:1      | Monkooky the Armataur Warper began the quest for the Orb.
     0 | D:1      | Reached XP level 1. HP: 17/17 MP: 3/3
    62 | D:1      | Found Ruomal's Book Emporium.
   197 | D:1      | Reached XP level 2. HP: 24/24 MP: 4/4
   201 | D:1      | Learned a level 2 spell: Blink
   345 | D:1      | Found Gequnni's Weapon Emporium.
   761 | D:2      | Found a burning altar of Makhleb.
   890 | D:2      | Noticed Sigmund
  1029 | D:3      | Reached XP level 3. HP: 29/29 MP: 5/5
  1033 | D:3      | Learned a level 3 spell: Maxwell's Portable Piledriver
  1288 | D:3      | Reached XP level 4. HP: 34/36 MP: 2/7
  1354 | D:3      | Noticed Robin
  1363 | D:3      | Reached skill level 5 in Translocations
  1582 | D:2      | Found the +2 ratskin cloak {*Rats rPois rN+ Str-1 Int-1
                  | Dex+1}
  1938 | D:2      | Killed Sigmund
  1939 | D:2      | Reached XP level 5. HP: 24/41 MP: 4/8
  1939 | D:2      | Reached XP level 6. HP: 28/48 MP: 4/9
  2067 | D:2      | Learned a level 4 spell: Vhi's Electric Charge
  3836 | D:4      | Gained mutation: You regenerate magic and health when
                  | rolling toward enemies. (Rampage Regen) [Armataur growth]
  3836 | D:4      | Reached XP level 7. HP: 52/55 MP: 6/10
  3896 | D:5      | Entered Level 5 of the Dungeon
  4022 | D:5      | Found a glowing drain.
  4037 | Sewer    | Entered a sewer
  4241 | Sewer    | Found a burning altar of Makhleb.
  4374 | Sewer    | Noticed Grinder
  4391 | Sewer    | Killed Grinder
  4522 | D:5      | Noticed Prince Ribbit
  4556 | D:5      | Killed Prince Ribbit
  4557 | D:5      | Reached skill level 5 in Maces & Flails
  4557 | D:5      | Reached XP level 8. HP: 67/67 MP: 8/11
  4873 | D:5      | Gained mutation: You are agile. (Dex +4, Str/Int -1)
                  | [potion of mutation]
  4873 | D:5      | Gained mutation: You are partially covered in iridescent
                  | scales. (AC +2) [potion of mutation]
  4927 | D:5      | Noticed a two-headed ogre
  5044 | D:5      | Noticed Blork the orc
  5052 | D:5      | Killed Blork the orc
  5053 | D:5      | Reached skill level 5 in Fighting
  5082 | D:5      | Found a runed translucent gate.
  5082 | D:5      | Found a runed translucent gate.
  5082 | D:5      | Found a runed translucent gate.
  5236 | D:5      | You fall into a shaft and drop 2 floors!
  5354 | D:5      | Noticed Eustachio
  5358 | D:5      | Killed Eustachio
  5412 | D:5      | Found a glowing golden altar of the Shining One.
  5415 | D:5      | Became a worshipper of the Shining One
  5467 | D:5      | Noticed BleachOnTheBeach's ghost (novice MDFi)
  5688 | D:6      | Noticed Duvessa
  5688 | D:6      | Noticed Dowan
  5974 | D:6      | Reached * piety under the Shining One
  5978 | D:6      | Reached skill level 1 in Axes
  5988 | D:6      | Reached XP level 9. HP: 31/75 MP: 3/12
  6301 | D:5      | The Shining One protects you from harm!
  6302 | D:5      | HP: 2/93 [wight/+0 scimitar (5)]
  6303 | D:5      | Slain by a wight

Illustrated notes

Levels and vault maps discovered:
D:1:      giann_forest_graveyard, layout_loops_ring, serial_shops, shop,
          nicolae_shop_getting_attention, minmay_misc_feat_ornament
D:2:      layout_loops_ring, basic_altar, minmay_tiny_reverse_x, uniq_sigmund
D:3:      layout_loops_ring, hangedman_glass_teeth, uniq_robin
D:4:      layout_basic
D:5:      layout_loops_corners, tso_oasis_becter, gammafunk_ghost_icy,
          gup_sewer_entry_bowl, st_stairs_7, minivault_19,
          lightli_corner_chamber, uniq_eustachio, uniq_blork_the_orc,
          uniq_prince_ribbit1
D:6:      nicolae_cairo_tiling_large, layout_cave_pools, serial_gnoll_camp,
          gnoll_camp_mini_loothouse, gnoll_camp_mini_shop, gnoll_camp_mini_shop,
          gnoll_camp_medium_01, uniq_duvessa
D:7:      layout_rooms, minmay_temple_entry_glassed_door

Skill      XL: |  1  2  3  4  5  6  7  8 |
---------------+-------------------------+-----
Translocations | 4 6 |  6.9
Spellcasting   | 2 |  2.2
Maces & Flails | 3 5 6 |  6.5
Fighting       | 2 4 5 |  5.9
Axes           | 2 |  2.8
Throwing       | |  0.8
Armour         | |  1.2
Dodging        | |  1.3

Action                     |  1- 3 |  4- 6 |  7- 9 || total
---------------------------+-------+-------+-------++-------
  Melee: Mace              |    60 |       |       ||    60
         Tailslap          |     7 |     7 |     9 ||    23
         Flail             |     2 |    82 |    94 ||   178
  Throw: Dart              |     2 |     1 |       ||     3
   Cast: Maxwell's Portabl |     7 |    34 |    58 ||    99
         Blink             |       |     4 |     7 ||    11
  Evoke: Wand              |       |       |     1 ||     1
    Use: Potion            |     2 |       |     7 ||     9
         Scroll            |       |     6 |     3 ||     9
   Stab: Sleeping          |       |       |     1 ||     1
 Armour: Leather armour    |    53 |   121 |   210 ||   384
         Skin              |       |       |    25 ||    25
  Dodge: Dodged            |    27 |    68 |   102 ||   197
  Block: Buckler           |       |     5 |    51 ||    56

Table legend: (Time is in decaauts)
 A = Elapsed time spent in this place.
 B = Non-inter-level travel time spent in this place.
 C = Inter-level travel time spent in this place.
 D = Time resting spent in this place.
 E = Time spent auto-exploring this place.
 F = Levels seen in this place.
 G = Mean time per level.
                   A        B        C        D        E       F      G
               +--------+--------+--------+--------+--------+-----+--------+
         Total |   6365 |   6159 |    206 |    521 |   4279 |   8 |  795.6 |
       Dungeon |   5908 |   5702 |    206 |    521 |   4039 |   7 |  844.0 |
         Sewer |    457 |    457 |      0 |      0 |    240 |   1 |  457.0 |
               +--------+--------+--------+--------+--------+-----+--------+

Top non-repeatable levels by time:
     D:5: 1457 daAuts
     D:4: 1216 daAuts
     D:3: 1118 daAuts
     D:2: 904 daAuts
     D:1: 700 daAuts
   Sewer: 457 daAuts
     D:6: 423 daAuts
     D:7: 87 daAuts
